 Dungeon Crawl Stone Soup version 0.29.1-1-gd02db6906a (webtiles) character file.

Game seed: 4113625413331031982

50 xian the Chopper (level 3, -1/30 HPs)
             Began as a Minotaur Wanderer on Oct 2, 2022.
             Was a Believer of Wu Jian.
             Slain by a gnoll
             ... wielding a +0 spear
              (2 damage)
             ... on level 2 of the Dungeon.
             The game lasted 00:02:24 (882 turns).

xian the Chopper (Minotaur Wanderer)                 Turns: 882, Time: 00:02:24

Health: -1/30      AC:  3    Str: 21    XL:     3   Next: 55%
Magic:  2/2        EV: 11    Int:  7    God:    Wu Jian [**....]
Gold:   122        SH:  0    Dex:  8    Spells: 2/2 levels left

rFire   . . .      SeeInvis .   a - +1 war axe
rCold   . . .      Faith    .   (no shield)
rNeg    . . .      Spirit   .   d - +0 leather armour
rPois   .          Reflect  .   (helmet restricted)
rElec   .          Harm     .   (no cloak)
rCorr   .          Rampage  .   (no gloves)
Will    .....                   (no boots)
Stlth   +.........              (no amulet)
HPRegen 0.10/turn               (no ring)
MPRegen 0.08/turn               (no ring)

@: no status effects
A: horns 2, retaliatory headbutt
a: Renounce Religion, Wall Jump


You were on level 2 of the Dungeon.
You worshipped Wu Jian.
Wu Jian was pleased with you.
You visited 1 branch of the dungeon, and saw 2 of its levels.

You collected 144 gold pieces.
You spent 22 gold pieces at shops.

Inventory:

Hand Weapons
 a - a +1 war axe (weapon)
Missiles
 f - 4 poisoned darts (quivered)
Armour
 d - a +0 leather armour (worn)
Jewellery
 i - an amulet of magic regeneration
Scrolls
 b - a scroll of butterflies
 e - a scroll of poison {unknown}
 g - a scroll of vulnerability {unknown}
 h - a scroll of magic mapping {unknown}
 j - a scroll of immolation
Potions
 c - a potion of heal wounds
 k - a potion of invisibility {unknown}
 l - a potion of haste {unknown}
 m - a potion of ambrosia {unknown}


   Skills:
 + Level 2.7 Fighting
 + Level 5.0 Axes
 + Level 1.7 Armour
 + Level 1.4 Dodging
 + Level 1.1 Stealth
 + Level 1.0 Invocations
 + Level 1.1 Evocations


You had 2 spell levels left.
You didn't know any spells.
Your spell library contained the following spells:

 Spells                   Type           Power      Damage    Failure   Level
 Scorch                   Fire           0%         2d5       63%         2
 Tukima's Dance           Hex            0%         N/A       85%         3
 Flame Wave               Conj/Fire      0%         2d4       99%         4
 Passage of Golubria      Tloc           0%         N/A       99%         4
 Yara's Violent Unravell  Hex/Tmut       0%         3d3       100%        5
 Summon Cactus Giant      Summ           0%         N/A       100%        6


Dungeon Overview and Level Annotations

Branches:
Dungeon (2/15)

Altars:
Wu Jian

Shops:
D:1 :   D:2 ?[


Innate Abilities, Weirdness & Mutations

You have a pair of horns on your head.
You reflexively headbutt those who attack you in melee.


Message History

You kill the gnoll!
The Council accepts your kill. The gnoll closely misses you.
You lunge at the gnoll.
You hit the gnoll.
The gnoll is moderately wounded.
The gnoll hits you with a +0 spear!
Things that are here:
a +0 club; a gnoll corpse You barely miss the gnoll.
Your headbutt misses the gnoll.
The gnoll is moderately wounded.
The gnoll barely misses you. You furiously retaliate!
You headbutt the gnoll, but do no damage.
The gnoll hits you with a +0 spear.
You slash the gnoll!
You kill the gnoll!
The Council accepts your kill.
You can now perform airborne attacks.
A gnoll comes into view. It is wielding a +0 spear.
Your Axes skill increases to level 5!
The gnoll shouts!
You hear an angry hiss.
Things that are here:
a +0 spear; 9 gold pieces A ball python comes into view.
You lunge at the gnoll.
The ball python hisses angrily.
You hit the gnoll. You headbutt the gnoll.
The gnoll is moderately wounded.
A gnoll comes into view. It is wielding a +0 spear.
The gnoll hits you with a +0 spear.
The ball python moves out of view.
The gnoll shouts!
You hit the gnoll.
The gnoll is heavily wounded.
The gnoll hits you with a +0 spear.
* * * LOW HITPOINT WARNING * * *
An endoplasm comes into view.
A ball python comes into view.
You closely miss the gnoll. You headbutt the gnoll.
The gnoll is severely wounded.
The gnoll hits you from afar with a +0 spear!
* * * LOW HITPOINT WARNING * * *
The gnoll hits you with a +0 spear.
You die...

#.
#.⌠.⌠..##..
#. #8.8.8.#
###.##.#
...##.#
###.##.#
#.##.#
#.##)# #.
#)# #@# #g#
g#. .. #J
..S .. ....
.. .....
... ......
###


You could see 2 gnolls, an endoplasm and a ball python.

Vanquished Creatures
  2 gnolls (D:2)
  2 dart slugs (D:1)
  4 ball pythons
  2 bats (D:1)
  3 endoplasms (D:1)
  3 goblins
  3 hobgoblins (D:1)
  2 frilled lizards (D:1)
  2 kobolds (D:1)
  3 rats
26 creatures vanquished.

Notes
Turn   | Place    | Note
-------+----------+-------------------------------------------
     0 | D:1      | xian the Minotaur Wanderer began the quest for the Orb.
     0 | D:1      | xian set off with the following items: a +1 war axe, a
                  | scroll of butterflies, a potion of heal wounds, a +0
                  | leather armour.
     0 | D:1      | Reached XP level 1. HP: 18/18 MP: 0/0
    45 | D:1      | Reached skill level 4 in Axes
   170 | D:1      | Found a faded altar of an unknown god.
   184 | D:1      | Prayed at the altar of an unknown god.
   184 | D:1      | Became a worshipper of the Wu Jian Council
   184 | D:1      | Reached * piety under Wu Jian
   214 | D:1      | Found Kemigg's Vocational Training.
   225 | D:1      | Reached XP level 2. HP: 25/25 MP: 1/1
   763 | D:2      | Reached XP level 3. HP: 30/30 MP: 2/2
   783 | D:2      | Found Otzuosom's Magic Scroll Shoppe.
   790 | D:2      | Bought a scroll of identify for 22 gold pieces
   845 | D:2      | Found Unlen's Antique Armour Shop.
   878 | D:2      | Reached ** piety under Wu Jian
   879 | D:2      | Reached skill level 5 in Axes
   882 | D:2      | HP: 1/30 [gnoll/+0 spear (7)]
   882 | D:2      | Slain by a gnoll

Illustrated notes

Levels and vault maps discovered:
D:1:      dpeg_arrival_tiny_c, layout_rooms, ebering_ecumenical_altar_petrified,
          nicolae_shop_vocational
D:2:      layout_loops_ring, serial_shops, shop, shop,
          nicolae_shop_temple_entry_statues_fountains

Skill      XL: |  1  2  3 |
---------------+----------+-----
Axes           | 4 5 |  5.0
Fighting       | |  2.7
Armour         | |  1.7
Dodging        | |  1.4
Stealth        | |  1.1
Invocations    | |  1.0
Evocations     | |  1.1

Action                   || total
-------------------------++-------
Melee: War axe           ||    48
       Headbutt          ||    12
Invok: Lunge             ||     7
       Whirlwind         ||     5
  Use: Scroll            ||     1
Armor: Leather armour    ||    13
Dodge: Dodged            ||    32
